 Dungeon Crawl Stone Soup version 0.28-a0-1613-gdaab1c2f9b (webtiles) character file.

Game seed: 14476214747714447482

4748 Essalna the Geomancer (level 10, 0/55 HPs)
             Began as a Kobold Earth Elementalist on Jan 21, 2022.
             Was a Priest of Makhleb.
             Slain by an orc knight (6 damage)
             ... in a bailey.
             The game lasted 00:17:41 (12206 turns).

Essalna the Geomancer (Kobold Earth Elementalist)  Turns: 12206, Time: 00:17:42

Health: 0/55       AC:  7    Str:  6    XL:     10   Next: 74%
Magic:  0/22       EV: 16    Int: 21    God:    Makhleb [***...]
Gold:   585        SH:  0    Dex: 15    Spells: 19/25 levels left

rFire   + . .      SeeInvis +   e - +1 dagger (venom)
rCold   . . .      Faith    .   (no shield)
rNeg    . . .      Spirit   .   b - +0 robe
rPois   .          Reflect  .   h - +0 helmet
rElec   .          Harm     .   (no cloak)
rCorr   .          Rampage  .   f - +0 pair of gloves
Will    .....                   j - +2 pair of boots {Fly}
Stlth   ++++......              (no amulet)
HPRegen 0.18/turn               q - ring of protection from fire
MPRegen 0.18/turn               o - ring of see invisible

@: flying, invisible
A: small, no large weapons, nightstalker 3
a: Renounce Religion, Minor Destruction, Lesser Servant of Makhleb


You were in a bailey.
You worshipped Makhleb.
Makhleb was most pleased with you.
You visited 2 branches of the dungeon, and saw 10 of its levels.
You also visited: Bailey.

You collected 585 gold pieces.

Inventory:

Hand Weapons
 e - a +1 dagger of venom (weapon)
 n - a +2 dagger of electrocution
Missiles
 c - 98 stones
Armour
 b - a +0 robe (worn)
 f - a +0 pair of gloves (worn)
 h - a +0 helmet (worn)
 j - a +2 pair of boots of flying (worn)
Jewellery
 o - a ring of see invisible (right hand)
 q - a ring of protection from fire (left hand)
Wands
 x - a wand of charming (7)
Scrolls
 a - 5 scrolls of identify
 g - 3 scrolls of teleportation
 s - a scroll of silence {unknown}
 t - a scroll of noise {unknown}
 u - a scroll of enchant armour {unknown}
Potions
 d - 2 potions of mutation
 i - a potion of invisibility
 l - a potion of degeneration {unknown}
 m - 7 potions of curing {unknown}
 r - a potion of haste {unknown}
 v - 3 potions of brilliance {unknown}
 w - 4 potions of flight


   Skills:
 + Level 2.8 Fighting
 + Level 2.1 Armour
 + Level 4.0 Dodging
 - Level 5.0 Stealth
 + Level 8.4 Spellcasting
 + Level 7.6 Conjurations
 + Level 2.1 Necromancy
 - Level 1.0 Transmutations
 + Level 8.5 Earth Magic


You had 19 spell levels left.
You knew the following spells:

 Your Spells              Type           Power      Damage    Failure   Level
a - Sandblast             Erth           88%        2d18      1%          1
b - Stone Arrow           Conj/Erth      84%        3d12      1%          3
c - Sublimation of Blood  Necr           17%        N/A       4%          2

Your spell library contained the following spells:

 Spells                   Type           Power      Damage    Failure   Level
 Foxfire                  Conj/Fire      96%        2x1d8     1%          1
 Passwall                 Tmut/Erth      24%        N/A       1%          2
 Conjure Flame            Conj/Fire      24%        6-21      4%          3
 Corpse Rot               Necr/Air       26%        N/A       8%          2
 Wereblood                Tmut           13%        N/A       8%          2
 Petrify                  Tmut/Erth      29%        N/A       11%         4
 Poisonous Vapours        Pois/Air       16%        N/A       12%         2
 Flame Wave               Conj/Fire      24%        2d7       16%         4
 Inner Flame              Hex/Fire       8%         N/A       22%         3
 Summon Hydra             Summ           4%         N/A       100%        7


Dungeon Overview and Level Annotations

Branches:
Dungeon (9/15)             Temple (1/1) D:4          Bailey (1/1)
   Lair: D:8-11         Orc: D:9-12

Altars:
Ashenzari
Cheibriados
Dithmenos
Elyvilon
Fedhas
Gozag
Kikubaaqudgha
Makhleb
Nemelex Xobeh
Okawaru
Qazlal
Ru
Sif Muna
Trog
Uskayaw
Vehumet
Wu Jian
Xom
Yredelemnul
Zin
The Shining One

Annotations:
D:8 Gastronok


Innate Abilities, Weirdness & Mutations

You are small and have problems with some larger weapons.
You are completely attuned to the shadows.


Message History

Confirm with . or Enter, or press ? or * to list all spells.
Aiming: Stone Arrow (safe; 1% risk of failure)
Press: ? - help, Shift-Dir - straight line, f/p - orc knight
Aim: an orc knight, wielding a +0 war axe and wearing a +0 chain mail (moderately wounded, fleeing, 73% to hit)
The stone arrow hits the orc knight!
The orc knight is severely wounded.
Your attack snaps the orc knight out of its fear.
There is an open door here.
The sentinel's mark upon you fades away.
An orc knight is nearby!
Casting: Stone Arrow (safe; 1% risk of failure)
Confirm with . or Enter, or press ? or * to list all spells.
Aiming: Stone Arrow (safe; 1% risk of failure)
Press: ? - help, Shift-Dir - straight line, f/p - orc knight
Aim: an orc knight, wielding a +0 war axe and wearing a +0 chain mail (heavily wounded, 73% to hit)
The stone arrow misses the orc knight.
Casting: Stone Arrow (safe; 1% risk of failure)
Confirm with . or Enter, or press ? or * to list all spells.
Aiming: Stone Arrow (safe; 1% risk of failure)
Press: ? - help, Shift-Dir - straight line, f/p - orc knight
Aim: an orc knight, wielding a +0 war axe and wearing a +0 chain mail (heavily wounded, 73% to hit)
The stone arrow hits the orc knight!!
The orc knight is almost dead.
Casting: Stone Arrow (safe; 1% risk of failure)
Confirm with . or Enter, or press ? or * to list all spells.
Aiming: Stone Arrow (safe; 1% risk of failure)
Press: ? - help, Shift-Dir - straight line, f/p - orc knight
Aim: an orc knight, wielding a +0 war axe and wearing a +0 chain mail (almost dead, 73% to hit)
The stone arrow hits the orc knight but does no damage.
The orc knight is almost dead.
Casting: Stone Arrow (safe; 1% risk of failure)
Confirm with . or Enter, or press ? or * to list all spells.
You don't have enough magic to cast this spell.
Unknown command.
Okay, then.
Unknown command.
Okay, then.
You fade into invisibility!
The orc knight hits you with a +0 war axe.
You die...

#∩[.#....#..##
##...#.#.....#
###########.########
##..............)....
#.......#########....
##..######.......##'#.
##...#.#..#.......#..#.
##....#'#..#.......#..##
≈≈≈≈≈≈..#@o..####'####..'.
≈≈≈≈≈≈≈.###.............##
#≈≈≈≈≈≈≈..#..####'####..#.
####≈≈≈≈≈≈####......(####.
####≈≈≈≈≈∩#.......#∩≈≈≈
###≈≈≈≈#########≈≈≈≈
##≈≈≈≈≈≈≈≈≈≈≈≈≈..
#≈≈≈≈≈≈≈≈≈....
##............


You could see an orc knight.

Vanquished Creatures
  An orc knight (Bailey)
  A kobold demonologist (D:5)
  A hornet (D:7)
  Prince Ribbit (D:8)
  A yak (D:5)
  3 steam dragons
  2 water moccasins
  An ice beast (D:6)
  7 orc warriors (Bailey)
  3 black bears
  A sky beast (D:7)
  A necrophage (D:6)
  4 ogres
  A phantom (D:6)
  2 bullfrogs
  A wyvern zombie (D:7)
  A scorpion (D:6)
  4 killer bees
  A howler monkey (D:8)
  2 orc priests
  A bullfrog skeleton (D:6)
  A gnoll shaman (D:7)
  3 jellies
  A centaur skeleton (D:6)
  3 iguanas
  5 orc wizards
  A scorpion zombie (D:5)
  2 killer bee zombies
  A hound skeleton (D:5)
  10 gnolls
  8 adders
  An ufetubus (D:4)
  An adder skeleton (D:4)
  6 dart slugs
  2 worms
  27 orcs
  5 endoplasms
  4 giant cockroaches
  12 goblins
  14 hobgoblins
  6 quokkas
  6 ball pythons
  7 bats
  4 frilled lizards
  18 kobolds
  5 rats
193 creatures vanquished.

Notes
Turn   | Place    | Note
-------+----------+-------------------------------------------
     0 | D:1      | Essalna the Kobold Earth Elementalist began the quest for
                  | the Orb.
     0 | D:1      | Reached XP level 1. HP: 10/10 MP: 3/3
   176 | D:1      | Reached XP level 2. HP: 13/15 MP: 0/5
   307 | D:1      | Found a faded altar of an unknown god.
   782 | D:1      | Reached XP level 3. HP: 19/19 MP: 5/7
  1348 | D:2      | Learned a level 3 spell: Stone Arrow
  1784 | D:2      | Reached XP level 4. HP: 24/24 MP: 8/8
  2392 | D:3      | Found a sacrificial altar of Ru.
  2423 | D:3      | Reached skill level 1 in Conjurations
  3314 | D:4      | Reached XP level 5. HP: 28/28 MP: 10/10
  3314 | D:4      | Noticed an ogre
  3326 | D:4      | Killed an ogre
  3440 | D:4      | Found a staircase to the Ecumenical Temple.
  3444 | D:4      | Reached XP level 6. HP: 32/32 MP: 11/11
  3449 | Temple   | Entered the Ecumenical Temple
  3717 | Temple   | Became a worshipper of Makhleb the Destroyer
  4354 | D:4      | Reached * piety under Makhleb
  4935 | D:4      | Noticed a steam dragon
  4942 | D:4      | Killed a steam dragon
  4943 | D:4      | Reached skill level 5 in Stealth
  4943 | D:4      | Reached XP level 7. HP: 15/36 MP: 2/13
  5167 | D:4      | Reached skill level 5 in Earth Magic
  5662 | D:5      | Entered Level 5 of the Dungeon
  5870 | D:5      | Reached skill level 5 in Spellcasting
  6008 | D:5      | Reached XP level 8. HP: 27/41 MP: 7/15
  6727 | D:5      | Reached ** piety under Makhleb
  6989 | D:5      | Noticed a kobold demonologist
  6995 | D:5      | Killed a kobold demonologist
  7034 | D:5      | Noticed a yak
  7258 | D:5      | Killed a yak
  7259 | D:5      | Reached skill level 5 in Conjurations
  7421 | D:5      | Found a blossoming altar of Fedhas.
  7421 | D:5      | Found a burning altar of Makhleb.
  7421 | D:5      | Found a glowing golden altar of the Shining One.
  7431 | D:5      | Found a blossoming altar of Fedhas.
  7431 | D:5      | Found a shimmering altar of Xom.
  7433 | D:5      | Found a shadowy altar of Dithmenos.
  7666 | D:6      | Reached XP level 9. HP: 45/45 MP: 13/18
  9843 | D:7      | Found an iron altar of Okawaru.
  9860 | D:7      | Found a radiant altar of Vehumet.
  9863 | D:7      | Found an ancient bone altar of Kikubaaqudgha.
 10161 | D:7      | Found a stormy altar of Qazlal.
 10306 | D:7      | Noticed a hornet
 10308 | D:7      | Killed a hornet
 10309 | D:7      | Reached XP level 10. HP: 50/50 MP: 14/21
 10718 | D:8      | Noticed Prince Ribbit
 10720 | D:8      | Killed Prince Ribbit
 10721 | D:8      | Reached skill level 1 in Fighting
 10893 | D:8      | Learned a level 2 spell: Sublimation of Blood
 11002 | D:8      | Reached skill level 1 in Armour
 11140 | D:8      | Reached skill level 1 in Necromancy
 11173 | D:8      | Noticed Gastronok
 11276 | D:9      | Found a flagged portal.
 11283 | Bailey   | Entered a bailey
 11357 | Bailey   | Noticed an orc knight
 11398 | Bailey   | Reached *** piety under Makhleb
 11855 | Bailey   | Killed an orc knight
 12175 | Bailey   | Noticed an orc knight
 12181 | Bailey   | HP: 1/55 [orc knight (22)]
 12206 | Bailey   | Slain by an orc knight

Illustrated notes

Levels and vault maps discovered:
D:1:      nagdon_arrival_zigzag_paths, layout_basic,
          hellmonk_ecumenical_altar_heavens_door, minmay_misc_feat_four_crosses,
          minmay_misc_feat_alley, kennysheep_crisscross,
          hangedman_abyss_or_decor_stabs, serial_park_tiny_1,
          grunt_decor_resistance, amcnicky_mini_corridor_feature
D:2:      layout_basic
D:3:      layout_basic, amcnicky_altar_gilded, roderic_cross_of_infinity,
          hangedman_decor_diamond_cutter, saegor_snake_ambush
D:4:      minmay_octagon_keep, layout_basic, minmay_temple_entry_glass,
          grunt_decor_junction, hangedman_feature_mirror
D:5:      kennysheep_big_flooded_room, layout_loops_ring, doesnt_xom_only_xom,
          grunt_decor_mini_mirrors
D:6:      layout_basic, serial_corexii_hall, corexii_hall_statues_i,
          corexii_hall_statues_i, minmay_bent
D:7:      layout_loops_ring, marbit_many_paths, grunt_temple_overflow_open,
          minmay_misc_feat_diagonals
D:8:      layout_cave_pools, uniq_prince_ribbit1, uniq_gastronok
D:9:      layout_gridville, enter_bailey_2, uniq_psyche
Temple:   regret_index_temple_generic_petals
Bailey:   bailey_axe_4, bailey

Skill      XL: |  1  2  3  4  5  6  7  8  9 10 |
---------------+-------------------------------+-----
Spellcasting   | 3 4 5 6 7 8 |  8.4
Conjurations   | 1 2 3 5 7 |  7.6
Stealth        | 3 5 |  5.0
Earth Magic    | 4 5 6 8 |  8.5
Fighting       | 2 |  2.8
Dodging        | 4 |  4.0
Armour         | 2 |  2.1
Necromancy     | 2 |  2.1
Transmutations | |  1.0

Action                   |  1- 3 |  4- 6 |  7- 9 | 10-12 || total
-------------------------+-------+-------+-------+-------++-------
Melee: Dagger            |    28 |    65 |    29 |     7 ||   129
       Punch             |       |       |     1 |       ||     1
 Cast: Sandblast         |    36 |    53 |    82 |     4 ||   175
       Stone Arrow       |       |     2 |    55 |    74 ||   131
       Sublimation of Bl |       |       |       |     4 ||     4
  Use: Scroll            |       |       |       |     7 ||     7
       Potion            |       |       |       |     1 ||     1
 Stab: Sleeping          |     6 |    13 |     1 |       ||    20
       Distracted        |       |     1 |       |       ||     1
Armor: Robe              |     7 |     7 |     3 |       ||    17
Dodge: Dodged            |    24 |    59 |    51 |    12 ||   146

Table legend: (Time is in decaauts)
 A = Elapsed time spent in this place.
 B = Non-inter-level travel time spent in this place.
 C = Inter-level travel time spent in this place.
 D = Time resting spent in this place.
 E = Time spent auto-exploring this place.
 F = Levels seen in this place.
 G = Mean time per level.
                   A        B        C        D        E       F      G
               +--------+--------+--------+--------+--------+-----+--------+
         Total |  12220 |  11806 |    414 |      0 |  10576 |  11 | 1110.9 |
       Dungeon |  11014 |  10617 |    397 |      0 |   9603 |   9 | 1223.8 |
        Temple |    277 |    260 |     17 |      0 |    249 |   1 |  277.0 |
        Bailey |    928 |    928 |      0 |      0 |    724 |   1 |  928.0 |
               +--------+--------+--------+--------+--------+-----+--------+

Top non-repeatable levels by time:
     D:4: 2071 daAuts
     D:5: 1997 daAuts
     D:6: 1706 daAuts
     D:7: 1230 daAuts
     D:2: 1230 daAuts
     D:3: 1066 daAuts
     D:1: 1027 daAuts
  Bailey: 928 daAuts
     D:8: 589 daAuts
  Temple: 277 daAuts
     D:9: 93 daAuts
